[ AOE2 MATCH · #513647165 ]
UnrankedChinese vs Civ #60
Player's team · WIN
Rival team · LOSS
[ REPLAY ANALYSIS · EXTRACTED FROM THE RECORDED GAME ]
Feudal
9:15
Castle
24:07
Imperial
55:36
| APM avg | 57.7 |
| APM peak | 86 |
| eAPM avg | 31.2 |
| Villagers / military | 202 / 163 |
Focus
⚔️ 37.0% · 🌾 63.0%
Archer ×49 · Cavalry Archer ×43 · Skirmisher ×29 · Iron Pagoda ×26 · Chu Ko Nu ×4 · Battering Ram ×4
Feudal
9:15
Castle
22:36
Imperial
—
| APM avg | 65.2 |
| APM peak | 101 |
| eAPM avg | 29.6 |
| Villagers / military | 164 / 176 |
Focus
⚔️ 48.6% · 🌾 51.4%
Archer ×119 · Unknown (2705) ×29 · Mangonel ×19 · Skirmisher ×19 · Knight ×6 · Militia ×6
Match map
Initial resources + every placement click. Lines = walls · curves = elevation contours. ◆ gold · ⬟ stone · ● berries · ✦ relic · ◌ wall gap
Your base· Open — unwalled flank
DS_Champi WarrioR's base· Open — unwalled flank
Smoothed initial terrain · ◌ = detected wall gap · hover for details
Inputs per minute
— OS+ | Emil :D - - DS_Champi WarrioR
Build order — OS+ | Emil :D
First 150 of 566 actions detected
| 0:00 | Research | Loom |
| 0:01 | Research | Loom |
| 0:39 | Queue | Villager (Male) |
| 0:39 | Queue | Villager (Male) |
| 1:06 | Queue | Villager (Male) |
| 1:07 | Queue | Villager (Male) |
| 1:33 | Queue | Villager (Male) |
| 1:33 | Queue | Villager (Male) |
| 2:05 | Queue | Villager (Male) |
| 2:27 | Queue | Villager (Male) |
| 2:27 | Queue | Villager (Male) |
| 2:47 | Queue | Villager (Male) |
| 2:47 | Queue | Villager (Male) |
| 2:48 | Build | Lumber Camp |
| 3:07 | Build | House |
| 3:13 | Queue | Villager (Male) |
| 3:13 | Queue | Villager (Male) |
| 3:35 | Queue | Villager (Male) |
| 3:35 | Queue | Villager (Male) |
| 4:08 | Queue | Villager (Male) |
| 4:09 | Queue | Villager (Male) |
| 4:34 | Queue | Villager (Male) |
| 4:34 | Queue | Villager (Male) |
| 4:55 | Queue | Villager (Male) |
| 4:55 | Queue | Villager (Male) |
| 5:06 | Build | Mill |
| 5:20 | Build | House |
| 5:24 | Queue | Villager (Male) |
| 5:24 | Queue | Villager (Male) |
| 6:37 | Queue | Villager (Male) |
| 7:01 | Research | Feudal Age |
| 7:59 | Build | Barracks |
| 8:30 | Queue | Villager (Male) |
| 9:15 | Age | Feudal Age |
| 9:21 | Research | Double-Bit Axe |
| 9:22 | Queue | Villager (Male) |
| 9:28 | Build | Archery Range |
| 9:32 | Queue | Villager (Male) |
| 9:34 | Build | Palisade Wall |
| 9:54 | Queue | Villager (Male) |
| 10:03 | Build | Outpost |
| 10:09 | Build | Palisade Wall |
| 10:11 | Queue | Villager (Male) |
| 10:14 | Queue | Skirmisher |
| 10:16 | Build | House |
| 10:22 | Research | Town Watch |
| 10:23 | Research | Town Watch |
| 10:32 | Build | Palisade Wall |
| 10:33 | Build | Palisade Wall |
| 10:38 | Queue | Villager (Male) |
| 10:49 | Queue | Skirmisher |
| 10:50 | Queue | Villager (Male) |
| 10:52 | Build | Blacksmith |
| 10:54 | Build | Farm |
| 10:55 | Build | Farm |
| 11:00 | Queue | Skirmisher |
| 11:00 | Queue | Skirmisher |
| 11:01 | Queue | Villager (Male) |
| 11:01 | Queue | Villager (Male) |
| 11:19 | Queue | Skirmisher |
| 11:23 | Queue | Villager (Male) |
| 11:25 | Build | Palisade Wall |
| 11:40 | Build | Watch Tower |
| 11:42 | Queue | Skirmisher |
| 11:47 | Build | Farm |
| 11:48 | Build | House |
| 11:55 | Research | Fletching |
| 11:57 | Queue | Skirmisher |
| 12:02 | Queue | Villager (Male) |
| 12:22 | Build | Farm |
| 12:23 | Build | Farm |
| 12:25 | Build | House |
| 12:33 | Queue | Villager (Male) |
| 12:44 | Build | Farm |
| 12:46 | Queue | Skirmisher |
| 12:54 | Build | Mill |
| 13:06 | Build | Farm |
| 13:25 | Queue | Villager (Male) |
| 13:26 | Queue | Villager (Male) |
| 13:40 | Queue | Villager (Male) |
| 13:40 | Queue | Villager (Male) |
| 13:53 | Build | Watch Tower |
| 13:57 | Queue | Villager (Male) |
| 13:57 | Queue | Villager (Male) |
| 14:09 | Queue | Villager (Male) |
| 14:10 | Queue | Villager (Male) |
| 14:20 | Build | Farm |
| 14:34 | Queue | Skirmisher |
| 14:37 | Queue | Villager (Male) |
| 14:38 | Queue | Villager (Male) |
| 14:45 | Queue | Skirmisher |
| 14:58 | Queue | Skirmisher |
| 15:09 | Build | House |
| 15:21 | Queue | Villager (Male) |
| 15:44 | Queue | Villager (Male) |
| 16:06 | Queue | Skirmisher |
| 16:10 | Queue | Villager (Male) |
| 16:22 | Queue | Villager (Male) |
| 16:34 | Build | Lumber Camp |
| 16:37 | Build | Mining Camp |
| 16:41 | Queue | Villager (Male) |
| 16:49 | Build | House |
| 16:59 | Research | Wheelbarrow |
| 17:00 | Research | Wheelbarrow |
| 17:19 | Queue | Spearman |
| 17:19 | Queue | Spearman |
| 17:23 | Queue | Villager (Male) |
| 17:30 | Build | Mining Camp |
| 17:36 | Queue | Villager (Male) |
| 17:59 | Queue | Archer |
| 18:00 | Queue | Archer |
| 18:01 | Queue | Villager (Male) |
| 18:22 | Queue | Villager (Male) |
| 18:34 | Queue | Villager (Male) |
| 18:35 | Queue | Archer |
| 18:38 | Build | Archery Range |
| 18:56 | Queue | Villager (Male) |
| 19:12 | Queue | Archer |
| 19:27 | Build | Farm |
| 19:28 | Build | Farm |
| 19:42 | Build | Farm |
| 19:51 | Queue | Archer |
| 19:51 | Queue | Archer |
| 20:00 | Build | Farm |
| 20:01 | Build | Farm |
| 20:02 | Build | Farm |
| 20:06 | Build | Farm |
| 20:06 | Build | Farm |
| 20:07 | Build | Farm |
| 20:10 | Build | Farm |
| 20:13 | Queue | Archer |
| 20:19 | Build | House |
| 20:28 | Build | Watch Tower |
| 20:46 | Build | House |
| 20:54 | Build | Farm |
| 20:56 | Build | Farm |
| 21:02 | Queue | Archer |
| 21:10 | Build | House |
| 21:10 | Build | House |
| 21:11 | Build | House |
| 21:22 | Build | Farm |
| 21:27 | Research | Castle Age |
| 21:37 | Queue | Archer |
| 21:37 | Queue | Archer |
| 21:39 | Queue | Archer |
| 21:40 | Queue | Archer |
| 22:03 | Queue | Archer |
| 22:04 | Queue | Archer |
| 22:30 | Build | Farm |
| 22:31 | Build | Farm |
Build order — DS_Champi WarrioR
First 150 of 514 actions detected
| 0:00 | Queue | Villager (Male) |
| 0:01 | Queue | Villager (Male) |
| 0:01 | Queue | Villager (Male) |
| 0:01 | Queue | Villager (Male) |
| 0:02 | Queue | Villager (Male) |
| 0:02 | Build | House |
| 0:03 | Build | House |
| 1:30 | Queue | Villager (Male) |
| 1:30 | Queue | Villager (Male) |
| 1:48 | Build | Lumber Camp |
| 1:58 | Queue | Villager (Male) |
| 1:58 | Queue | Villager (Male) |
| 2:30 | Queue | Villager (Male) |
| 2:31 | Queue | Villager (Male) |
| 2:35 | Queue | Villager (Male) |
| 2:35 | Queue | Villager (Male) |
| 3:17 | Queue | Villager (Male) |
| 3:17 | Queue | Villager (Male) |
| 3:42 | Queue | Villager (Male) |
| 3:42 | Queue | Villager (Male) |
| 3:47 | Build | House |
| 3:57 | Build | House |
| 4:14 | Build | House |
| 4:15 | Queue | Villager (Male) |
| 4:27 | Queue | Villager (Male) |
| 4:57 | Queue | Villager (Male) |
| 5:05 | Build | Mill |
| 5:34 | Queue | Villager (Male) |
| 5:56 | Queue | Villager (Male) |
| 6:36 | Research | Loom |
| 6:48 | Build | Barracks |
| 7:04 | Research | Feudal Age |
| 7:04 | Research | Feudal Age |
| 7:22 | Build | House |
| 7:32 | Build | Mining Camp |
| 7:35 | Queue | Militia |
| 7:35 | Queue | Militia |
| 7:42 | Queue | Militia |
| 7:42 | Queue | Militia |
| 8:05 | Queue | Militia |
| 8:05 | Queue | Militia |
| 8:32 | Build | House |
| 9:03 | Queue | Villager (Male) |
| 9:15 | Age | Feudal Age |
| 9:17 | Research | Man-at-Arms (upgrade) |
| 9:28 | Build | Archery Range |
| 9:33 | Queue | Villager (Male) |
| 9:57 | Queue | Villager (Male) |
| 9:57 | Queue | Villager (Male) |
| 10:07 | Build | Outpost |
| 10:10 | Queue | Skirmisher |
| 10:16 | Queue | Villager (Male) |
| 10:32 | Queue | Villager (Male) |
| 10:36 | Build | Mill |
| 10:43 | Queue | Archer |
| 10:54 | Queue | Villager (Male) |
| 10:58 | Build | House |
| 11:09 | Build | Watch Tower |
| 11:15 | Queue | Archer |
| 11:18 | Queue | Villager (Male) |
| 11:18 | Queue | Villager (Male) |
| 11:18 | Queue | Villager (Male) |
| 11:24 | Build | House |
| 11:37 | Research | Double-Bit Axe |
| 11:37 | Research | Double-Bit Axe |
| 11:48 | Queue | Archer |
| 12:07 | Queue | Villager (Male) |
| 12:08 | Build | Farm |
| 12:24 | Queue | Villager (Male) |
| 12:25 | Build | Farm |
| 12:32 | Queue | Archer |
| 12:47 | Queue | Villager (Male) |
| 12:50 | Build | Farm |
| 13:06 | Build | Watch Tower |
| 13:08 | Queue | Skirmisher |
| 13:20 | Build | Farm |
| 13:37 | Queue | Villager (Male) |
| 13:44 | Build | Farm |
| 13:55 | Queue | Villager (Male) |
| 13:57 | Build | House |
| 14:16 | Build | Palisade Wall |
| 14:17 | Build | Palisade Wall |
| 14:20 | Build | Palisade Wall |
| 14:23 | Queue | Villager (Male) |
| 14:36 | Build | Stable |
| 14:41 | Queue | Villager (Male) |
| 14:43 | Build | Farm |
| 14:45 | Build | Farm |
| 14:46 | Queue | Archer |
| 15:07 | Queue | Villager (Male) |
| 15:23 | Queue | Villager (Male) |
| 15:32 | Queue | Villager (Male) |
| 15:34 | Build | Farm |
| 15:57 | Queue | Villager (Male) |
| 15:59 | Build | Farm |
| 16:01 | Build | Farm |
| 16:02 | Queue | Scout Cavalry |
| 16:03 | Queue | Scout Cavalry |
| 16:03 | Queue | Scout Cavalry |
| 16:24 | Queue | Skirmisher |
| 16:26 | Queue | Archer |
| 16:29 | Queue | Villager (Male) |
| 16:29 | Queue | Villager (Male) |
| 16:31 | Build | Farm |
| 16:38 | Queue | Archer |
| 16:39 | Queue | Archer |
| 16:43 | Queue | Villager (Male) |
| 16:44 | Build | Farm |
| 17:01 | Build | House |
| 17:23 | Queue | Villager (Male) |
| 17:36 | Queue | Archer |
| 17:36 | Queue | Archer |
| 17:44 | Queue | Villager (Male) |
| 17:45 | Build | Blacksmith |
| 17:51 | Queue | Archer |
| 17:53 | Queue | Villager (Male) |
| 17:54 | Build | Market |
| 18:10 | Queue | Archer |
| 18:23 | Queue | Archer |
| 18:26 | Queue | Villager (Male) |
| 18:37 | Queue | Archer |
| 18:53 | Queue | Villager (Male) |
| 18:53 | Queue | Archer |
| 18:55 | Build | Farm |
| 19:09 | Queue | Archer |
| 19:09 | Queue | Villager (Male) |
| 19:17 | Queue | Villager (Male) |
| 19:18 | Queue | Villager (Male) |
| 19:36 | Build | Farm |
| 19:38 | Queue | Archer |
| 19:53 | Build | Lumber Camp |
| 19:56 | Research | Castle Age |
| 19:57 | Research | Castle Age |
| 20:03 | Build | Archery Range |
| 20:04 | Queue | Archer |
| 20:11 | Build | House |
| 20:17 | Build | Farm |
| 20:22 | Research | Fletching |
| 20:23 | Queue | Archer |
| 20:28 | Build | House |
| 20:29 | Build | Palisade Wall |
| 20:33 | Queue | Archer |
| 20:45 | Build | House |
| 20:46 | Build | Palisade Wall |
| 20:53 | Build | Farm |
| 20:54 | Build | Farm |
| 20:58 | Queue | Scout Cavalry |
| 21:06 | Queue | Archer |
| 21:19 | Queue | Archer |
| 21:27 | Research | Gold Mining |
Match timeline
| 6:48 | DS_Champi WarrioR · first_building Barracks |
| 7:59 | OS+ | Emil :D · first_building Barracks |
| 9:15 | DS_Champi WarrioR · age_up feudal |
| 9:15 | OS+ | Emil :D · age_up feudal |
| 9:28 | OS+ | Emil :D · first_building Archery Range |
| 9:28 | DS_Champi WarrioR · first_building Archery Range |
| 9:34 | OS+ | Emil :D · wall_segment Palisade Wall x1 |
| 10:09 | OS+ | Emil :D · wall_segment Palisade Wall x1 |
| 10:32 | OS+ | Emil :D · wall_segment Palisade Wall x1 |
| 10:33 | OS+ | Emil :D · wall_segment Palisade Wall x2 |
| 11:25 | OS+ | Emil :D · wall_segment Palisade Wall x1 |
| 14:16 | DS_Champi WarrioR · wall_segment Palisade Wall x1 |
| 14:17 | DS_Champi WarrioR · wall_segment Palisade Wall x1 |
| 14:20 | DS_Champi WarrioR · wall_segment Palisade Wall x1 |
| 14:36 | DS_Champi WarrioR · first_building Stable |
| 20:29 | DS_Champi WarrioR · wall_segment Palisade Wall x1 |
| 20:46 | DS_Champi WarrioR · wall_segment Palisade Wall x5 |
| 21:49 | DS_Champi WarrioR · wall_segment Palisade Wall x1 |
| 22:25 | DS_Champi WarrioR · wall_segment Palisade Wall x1 |
| 22:36 | DS_Champi WarrioR · age_up castle |
| 24:07 | OS+ | Emil :D · age_up castle |
| 25:55 | DS_Champi WarrioR · first_market_buy 100 wood |
| 29:32 | DS_Champi WarrioR · first_building Siege Workshop |
| 30:36 | OS+ | Emil :D · first_building Monastery |
| 32:26 | OS+ | Emil :D · first_building Siege Workshop |
| 38:01 | DS_Champi WarrioR · first_market_sell 500 wood |
| 39:19 | OS+ | Emil :D · first_building Castle |
| 39:51 | OS+ | Emil :D · first_building Stable |
| 43:32 | DS_Champi WarrioR · first_building Castle |
| 43:56 | OS+ | Emil :D · first_market_buy 100 food |
| 46:44 | OS+ | Emil :D · wall_segment Stone Wall x1 |
| 46:44 | OS+ | Emil :D · wall_segment Stone Wall x1 |
| 46:45 | OS+ | Emil :D · wall_segment Stone Wall x1 |
| 46:45 | OS+ | Emil :D · wall_segment Stone Wall x2 |
| 55:36 | OS+ | Emil :D · age_up imperial |
| 55:51 | DS_Champi WarrioR · resign |
[ AI ANALYSIS · 1 CREDIT ]
What really happened in this match?
Wolo.gg analyzes every decision: build order, eco, micro, common mistakes by bracket. Personalized analysis on WhatsApp or Discord in 30 seconds.
Civ guide
Chinese
Perfil
Jugador #862991